 Dungeon Crawl Stone Soup version 0.19-a0-659-g8260ecf (webtiles) character file.

81 georgeearnest the Skirmisher (level 4, -6/40 HPs)
             Began as a Hill Orc Fighter on June 15, 2016.
             Was an Initiate of Beogh.
             Killed by nerve-wracking pain
             ... invoked by an orc priest
              (13 damage)
             ... on level 3 of the Dungeon.
             The game lasted 00:01:56 (1628 turns).

georgeearnest the Skirmisher (Hill Orc Fighter)     Turns: 1628, Time: 00:01:57

Health: -6/40      AC:  8    Str: 19    XL:     4   Next: 42%
Magic:  4/4        EV:  7    Int:  8    God:    Beogh [......]
Gold:   79         SH:  9    Dex: 10    Spells: 0 memorised, 3 levels left

rFire  . . .     SeeInvis .     a - +0 war axe
rCold  . . .     Gourm    .     b - +0 scale mail
rNeg   . . .     Faith    .     c - +0 shield
rPois  .         Spirit   .     m - +1 hat
rElec  .         Dismiss  .     (no cloak)
rCorr  .         Reflect  .     (no gloves)
SustAt .         Harm     .     (no boots)
MR     .....                    (no amulet)
Stlth  ..........               (no ring)
                                (no ring)

@: not resistant to hostile enchantments, extremely unstealthy
A: no striking features
a: Renounce Religion


You were on level 3 of the Dungeon.
You worshipped Beogh.
Beogh was noncommittal.
You were not hungry.

You visited 1 branch of the dungeon, and saw 3 of its levels.

You collected 79 gold pieces.

Inventory:

Hand Weapons
 a - a +0 war axe (weapon)
Armour
 b - a +0 scale mail (worn)
 c - a +0 shield (worn)
 m - a +1 hat (worn)
Jewellery
 l - an uncursed ring of positive energy {unknown}
Scrolls
 h - 3 scrolls of identify {unknown}
 i - a scroll of magic mapping {unknown}
 k - a scroll of remove curse {unknown}
 n - a scroll of teleportation {unknown}
Potions
 d - 2 potions of might
 e - a potion of ambrosia {unknown}
 f - a potion of lignification {unknown}
 j - a potion of berserk rage {unknown}
Comestibles
 g - 2 meat rations


   Skills:
 + Level 4.2 Fighting
 + Level 3.4 Axes
 + Level 4.1 Armour
 + Level 0.2 Dodging
 + Level 4.0 Shields


You had 3 spell levels left.
You didn't know any spells.

Dungeon Overview and Level Annotations

Branches:
Dungeon (3/15)

Altars:
Makhleb


Message History

You swap places.
An orc priest comes into view. It is wielding an enchanted mace.
You swap places.
The orc priest shouts!
You see here a leather armour.
The orc priest looks braver for a moment.
Found a robe.
You swap places.
The orc priest calls down the wrath of Beogh upon you.
Beogh smites you!
The orc priest invokes the aid of Beogh against you.
Beogh smites you!
* * * LOW HITPOINT WARNING * * *
You see here a dagger.
Your shield and scale mail prevent you from hitting the orc priest.
You block the orc priest's attack.
The orc priest invokes the aid of Beogh against you.
Pain shoots through your body!
You die...
Beogh appreciates the orc priest's killing of a heretic priest.

## #.# ... #.#
.###.##### #.#
......>..# #.#
...[.#.#.###.#
#....o...#.#
.###.#.@..o#.##
...........o..#
.....#.....#..######
...#....#o.#.......#
..
#.###.#.##)####.#####
. #. #.#.##)#
#....... # #.#.##.#
#..##...
.>#.##.###.......
............###...


You could see an orc priest, a neutral orc priest (wandering), a neutral orc
wizard (wandering) and a neutral orc (wandering).

Vanquished Creatures
  An adder (D:2)
  2 oozes (D:2)
  2 worms (D:2)
  3 giant geckos
  5 orcs (D:3)
  A ball python (D:2)
  2 giant cockroaches (D:1)
  2 goblins
  6 hobgoblins
  7 jackals
  3 bats (D:1)
  10 giant newts
  A kobold (D:1)
  4 rats
49 creatures vanquished.

Notes
Turn   | Place    | Note
--------------------------------------------------------------
     0 | D:1      | georgeearnest the Hill Orc Fighter began the quest for the Orb.
     0 | D:1      | Reached XP level 1. HP: 19/19 MP: 1/1
   117 | D:1      | Reached XP level 2. HP: 22/27 MP: 2/2
   588 | D:1      | Reached XP level 3. HP: 33/33 MP: 3/3
   903 | D:2      | Found a burning altar of Makhleb.
  1069 | D:2      | Reached XP level 4. HP: 39/40 MP: 4/4
  1620 | D:3      | Became a worshipper of Beogh the Brigand
  1628 | D:3      | Killed from afar by an orc priest

Vault maps used:
D:1:      minmay_arrival_stone_box
D:2:      lemuel_doored_altar, minmay_lizard_king
D:3:      okawaru_metal_pillars_3, uniq_sigmund, uniq_iyjb

Skill      XL: |  1  2  3  4 |
---------------+-------------+-----
Fighting       | 4 |  4.2
Axes           | 3 |  3.4
Armour         | 4 |  4.1
Shields        | 4 |  4.0
Dodging        | |  0.2

Action                   |  1- 3 |  4- 6 || total
-------------------------+-------+-------++-------
Melee: War axe           |   122 |    35 ||   157
Invok: Convert to Beogh  |       |     1 ||     1
  Eat: Bread ration      |     1 |       ||     1
Armor: Scale mail        |    59 |    15 ||    74
Dodge: Dodged            |    50 |     5 ||    55
Block: Shield            |    54 |    17 ||    71
